 Dungeon Crawl Stone Soup version 0.28.0-53-g5a82cb258f (webtiles) character file.

Game seed: 3046955036089752248

78 Sin92 the Skirmisher (level 4, 0/35 HPs)
             Began as a Demonspawn Fighter on June 16, 2022.
             Slain by a worm (9 damage)
             ... on level 2 of the Dungeon.
             The game lasted 00:01:41 (2044 turns).

Sin92 the Skirmisher (Demonspawn Fighter)           Turns: 2044, Time: 00:01:41

Health: 0/35       AC:  6    Str: 18    XL:     4   Next: 15%
Magic:  4/4        EV:  9    Int: 10    God:
Gold:   109        SH:  4    Dex: 12    Spells: 3/3 levels left

rFire   . . .      SeeInvis .   a - +0 war axe
rCold   . . .      Faith    .   c - +0 buckler
rNeg    . . .      Spirit   .   b - +0 scale mail
rPois   .          Reflect  .   (no helmet)
rElec   .          Harm     .   (no cloak)
rCorr   .          Rampage  .   (no gloves)
Will    .....                   (no boots)
Stlth   ..........              (no amulet)
HPRegen 0.11/turn               (no ring)
MPRegen 0.09/turn               (no ring)

@: no status effects
A: demonic guardian 2
a: no special abilities


You were on level 2 of the Dungeon.
You visited 1 branch of the dungeon, and saw 2 of its levels.

You collected 109 gold pieces.

Inventory:

Hand Weapons
 a - a +0 war axe (weapon)
Armour
 b - a +0 scale mail (worn)
 c - a +0 buckler (worn)
Scrolls
 f - 2 scrolls of teleportation {unknown}
 g - a scroll of acquirement {unknown}
 h - 2 scrolls of identify {unknown}
 j - 3 scrolls of blinking {unknown}
Potions
 d - a potion of might
 e - a potion of magic {unknown}
 i - a potion of attraction {unknown}
 k - a potion of brilliance {unknown}


   Skills:
 + Level 3.4 Fighting
 + Level 2.4 Axes
 + Level 3.1 Armour
 + Level 1.2 Dodging
 + Level 3.1 Shields


You had 3 spell levels left.
You didn't know any spells.
Your spell library contained the following spells:

 Spells                   Type           Power      Damage    Failure   Level
 Animate Skeleton         Necr           0%         N/A       83%         1
 Pain                     Necr           0%         1d4       83%         1
 Sandblast                Erth           0%         2d4       83%         1
 Passwall                 Tmut/Erth      0%         N/A       93%         2
 Stone Arrow              Conj/Erth      0%         3d7       99%         3
 Vampiric Draining        Necr           0%         2d6       99%         3


Dungeon Overview and Level Annotations

Branches:
Dungeon (2/15)

Altars:

Shops:
D:1 =


Innate Abilities, Weirdness & Mutations

A demonic guardian rushes to your aid.


Message History

Unknown command.
You are too injured to fight recklessly!
A hobgoblin is nearby!
You are too injured to fight recklessly!
Unknown command.
A hobgoblin is nearby!
You are too injured to fight recklessly!
Unknown command.
You barely miss the hobgoblin.
The hobgoblin is heavily wounded.
You feel sick.
The hobgoblin hits you but does no damage.
The hobgoblin hits you.
You hit the hobgoblin but do no damage.
The hobgoblin is heavily wounded.
You feel sick. The hobgoblin barely misses you.
You hit the hobgoblin.
You kill the hobgoblin!
You feel sick.
You feel sick.
You are no longer poisoned.
A worm comes into view.
There is a stone staircase leading up here.
The worm bites you.
You hit the worm.
The worm is moderately wounded.
The worm bites you but does no damage.
You hit the worm.
The worm is heavily wounded.
The worm bites you.
* * * LOW HITPOINT WARNING * * *
You slash the worm!
The worm is almost dead.
You barely miss the worm.
The worm is almost dead.
You block the worm's attack.
You barely miss the worm.
The worm is almost dead.
The worm bites you!
You die...

..####..####...#...###.##......
#.#.w.....##.#.#..## ##...#.###
........รท.#..........###....#.#
.##.#...#.###..##.###.#.##..#.###
#.##.##....#.#...# #.###..#.#.. .
#..##......#...# #.#...<..#..
####....#######...###.#.#.......
......#.# #w........#.###.#.
####....# #@.....)....###.#.
#.#.########..#####.....##.#. #
#.##.....<.##.....##..##.#.
#..........#..<.#..#.))....
####.......#.......#...#.##
######....#._.<.#.....##
#..#.......#...####
#..#..<.#..#..#####
##.##.....##.......


You could see a worm.

Vanquished Creatures
  2 adders (D:2)
  2 worms (D:2)
  2 dart slugs (D:1)
  3 ball pythons
  2 bats (D:1)
  3 endoplasms
  3 giant cockroaches (D:1)
  3 goblins
  7 hobgoblins
  3 jackals (D:2)
  A quokka (D:2)
  2 kobolds
  4 rats
37 creatures vanquished.

Vanquished Creatures (collateral kills)
  An adder (D:2)
1 creature vanquished.

Grand Total: 38 creatures vanquished

Notes
Turn   | Place    | Note
-------+----------+-------------------------------------------
     0 | D:1      | Sin92 the Demonspawn Fighter began the quest for the Orb.
     0 | D:1      | Reached XP level 1. HP: 18/18 MP: 1/1
   369 | D:1      | Found Idinipna's Jewellery Shop.
   445 | D:1      | Gained mutation: A weak demonic guardian rushes to your
                  | aid. [demonic ancestry]
   445 | D:1      | Reached XP level 2. HP: 24/24 MP: 2/2
   948 | D:1      | Gained mutation: A demonic guardian rushes to your aid.
                  | [demonic ancestry]
   948 | D:1      | Reached XP level 3. HP: 28/29 MP: 3/3
  1178 | D:2      | Reached skill level 1 in Dodging
  1231 | D:2      | Found a faded altar of an unknown god.
  1653 | D:2      | Reached XP level 4. HP: 6/35 MP: 4/4
  2044 | D:2      | Slain by a worm

Illustrated notes

Levels and vault maps discovered:
D:1:      moated_graveyard_arrival, layout_basic, serial_shops, shop,
          hangedman_decor_clover_reticule, skrybe_limestone_x,
          kennysheep_doodads, corexii_hall_statues_t
D:2:      cheibrodos_greedy_goblins, layout_loops_cross,
          nicolae_ecumenical_pavilion

Skill      XL: |  1  2  3 |
---------------+----------+-----
Axes           | 2 |  2.4
Armour         | 3 |  3.1
Dodging        | 1 |  1.2
Shields        | 3 |  3.1
Fighting       | |  3.4

Action                   |  1- 3 |  4- 6 || total
-------------------------+-------+-------++-------
Melee: War axe           |   113 |    16 ||   129
Armor: Scale mail        |    45 |     5 ||    50
Dodge: Dodged            |    63 |     4 ||    67
Block: Buckler           |    22 |     3 ||    25
